 Dungeon Crawl Stone Soup version 0.29-a0-451-gfbfa42419e (webtiles) character file.

Game seed: 3286881028974028318

66 rageheart7 the Ruffian (level 3, -1/27 (31) HPs)
             Began as a Draconian Transmuter on May 19, 2022.
             Slain by Terence
             ... wielding a +2 mace of draining
              (5 damage)
             ... on level 2 of the Dungeon.
             The game lasted 00:02:02 (1458 turns).

rageheart7 the Ruffian (Draconian Transmuter)       Turns: 1458, Time: 00:02:04

HP:   -1/27 (31)    AC:  5    Str: 14    XL:     3   Next: 96%
MP:   5/6           EV: 12    Int: 13    God:
Gold: 50            SH:  0    Dex: 11    Spells: 5/6 levels left

rFire   . . .      SeeInvis .     - Unarmed
rCold   + . .      Faith    .   (no shield)
rNeg    . . .      Spirit   .   (body armour unavailable)
rPois   +          Reflect  .   (helmet currently unavailable)
rElec   .          Harm     .   (no cloak)
rCorr   .          Rampage  .   (no gloves)
Will    .....                   (boots currently unavailable)
Stlth   +.........              (no amulet)
HPRegen 0.09/turn               e - ring of protection from cold
MPRegen 0.10/turn               j - ring of poison resistance

@: appendages, heavily drained
A: horns 2, talons 2, AC +5, unfitting armour, cold-blooded
a: End Transformation


You were on level 2 of the Dungeon.
You had temporarily grown beastly horns and talons.
You visited 1 branch of the dungeon, and saw 2 of its levels.

You collected 50 gold pieces.

Inventory:

Jewellery
 e - a ring of protection from cold (left hand)
 i - a ring of magical power
 j - a ring of poison resistance (right hand)
Scrolls
 c - a scroll of acquirement {unknown}
 g - 3 scrolls of identify {unknown}
Potions
 a - a potion of lignification
 b - a potion of mutation {unknown}
 d - a potion of attraction {unknown}
 f - a potion of flight {unknown}
 h - 2 potions of resistance {unknown}
 k - a potion of curing {unknown}


   Skills:
 + Level 3.0 Fighting
 - Level 1.7 Dodging
 + Level 4.0 Unarmed Combat
 - Level 2.0 Spellcasting
 - Level 2.0 Transmutations


You had 5 spell levels left.
You knew the following spells:

 Your Spells              Type           Power      Damage    Failure   Level
a - Beastly Appendage     Tmut           12%        N/A       11%         1

Your spell library contained the following spells:

 Spells                   Type           Power      Damage    Failure   Level
 Wereblood                Tmut           6%         N/A       17%         2
 Shock                    Conj/Air       4%         1d3       26%         1
 Spider Form              Tmut/Pois      3%         N/A       45%         3
 Swiftness                Air            1%         N/A       58%         3
 Ice Form                 Ice/Tmut       3%         N/A       86%         4
 Airstrike                Air            0%         N/A       94%         4


Dungeon Overview and Level Annotations

Branches:
Dungeon (2/15)

Altars:

Annotations:
D:2 Terence


Innate Abilities, Weirdness & Mutations

You have temporarily grown beastly horns and talons.
Your plain brown scales are hard. (AC +5)
You cannot fit into any form of body armour.
You are cold-blooded and may be slowed by cold attacks.


Message History

Your transformation is almost over.
There is an open door here.
Things that are here:
a +0 dagger; 4 stones; a kobold corpse
k - an orange potion Your horns disappear.
Your talons disappear.
There is an open door here.
Things that are here:
a +0 dagger; 4 stones; a kobold corpse Terence the Incautious comes into view.
He is wielding a +2 mace of draining.
Terence shouts!
Terence is nearby!
Terence is nearby!
Casting: Beastly Appendage (safe; 11% risk of failure)
Confirm with . or Enter, or press ? or * to list all spells.
You grow a pair of large bovine horns.
Your feet morph into talons.
You hit Terence.
Terence is moderately wounded.
Terence hits you with a +2 mace of draining!
You feel drained.
You hit Terence but do no damage.
Your tail-slap misses Terence.
Terence is moderately wounded.
Terence hits you with a +2 mace of draining.
You feel drained.
You are too injured to fight recklessly!
You are too injured to fight recklessly!
You are too injured to fight recklessly!
You are too injured to fight recklessly!
You are too injured to fight recklessly!
You hit Terence but do no damage. You headbutt Terence, but do no damage.
You tail-slap Terence.
Terence is moderately wounded.
Terence closely misses you.
You hit Terence but do no damage. Your kick misses Terence.
Your tail-slap misses Terence.
Terence is moderately wounded.
Terence hits you with a +2 mace of draining!
* * * LOW HITPOINT WARNING * * *
You feel drained.
You die...

########## #........#
#........#
####..#)##..# ##
..#..#..#..## #.
#.#..#..#...######.
#@#..####..........
#.@............##..
#...##............##..
#.# ###..##.......###.
.. ...............##.
. ......#........##.
..................
........))........
.#..##.#<###......
...#####......


You could see Terence.

Vanquished Creatures
  Robin (D:1)
  An adder (D:1)
  A bat (D:1)
  3 endoplasms (D:1)
  3 giant cockroaches (D:2)
  9 goblins
  7 hobgoblins
  2 quokkas (D:1)
  4 ball pythons
  A frilled lizard (D:1)
  6 kobolds
38 creatures vanquished.

Notes
Turn   | Place    | Note
-------+----------+-------------------------------------------
     0 | D:1      | rageheart7 the Draconian Transmuter began the quest for the
                  | Orb.
     0 | D:1      | Reached XP level 1. HP: 16/16 MP: 3/3
   220 | D:1      | Reached XP level 2. HP: 24/24 MP: 5/5
   262 | D:1      | Found a faded altar of an unknown god.
   620 | D:2      | Noticed Robin
   641 | D:1      | Reached XP level 3. HP: 11/30 MP: 6/6
  1009 | D:1      | Killed Robin
  1155 | D:2      | Reached skill level 4 in Unarmed Combat
  1453 | D:2      | Noticed Terence
  1458 | D:2      | Slain by Terence

Illustrated notes

Levels and vault maps discovered:
D:1:      zaba_arrival_water, layout_rooms, ebering_ecumenical_altar_petrified
D:2:      layout_basic, eino_tiny_chamber, corexii_shack, uniq_terence,
          uniq_robin

Skill      XL: |  1  2  3 |
---------------+----------+-----
Fighting       | 2 3 |  3.0
Unarmed Combat | 4 |  4.0
Dodging        | |  1.7
Spellcasting   | |  2.0
Transmutations | |  2.0

Action                   || total
-------------------------++-------
Melee: Unarmed           ||   104
       Kick              ||    10
       Tailslap          ||    11
       Punch             ||     6
       Headbutt          ||     8
 Cast: Beastly Appendage ||    19
 Stab: Sleeping          ||     1
Armor: Skin              ||    30
Dodge: Dodged            ||    80

Table legend: (Time is in decaauts)
 A = Elapsed time spent in this place.
 B = Non-inter-level travel time spent in this place.
 C = Inter-level travel time spent in this place.
 D = Time resting spent in this place.
 E = Time spent auto-exploring this place.
 F = Levels seen in this place.
 G = Mean time per level.
                   A        B        C        D        E       F      G
               +--------+--------+--------+--------+--------+-----+--------+
         Total |   1461 |   1431 |     30 |    340 |    818 |   2 |  730.5 |
       Dungeon |   1461 |   1431 |     30 |    340 |    818 |   2 |  730.5 |
               +--------+--------+--------+--------+--------+-----+--------+

Top non-repeatable levels by time:
     D:1: 1099 daAuts
     D:2: 361 daAuts
